Map: Whispers of Gold

Players

dave - Winner!

  • Race: Terran Terran
  • League: Platinum
  • Spawn Location: 5:00

GangusKaun

  • Race: Protoss Protoss
  • League: Gold
  • Spawn Location: 9:00

VOD

Have the link to the VOD?

Description

Time

  • Played on: Dec. 29, 2024, 1:01 p.m.
  • Length: 13:14
Show
View Real Time Build Order
Export as new Build Order

dave Terran - Winner!

Build Orders: Command Center First 

Get SALT Encoding   

  12  0:00  SCV  
  13  0:12  SCV  
  14  0:19  Supply Depot  
  14  0:24  SCV  
  15  0:40  SCV  
  16  0:52  SCV  
  17  1:03  Command Center  
  17  1:05  SCV  
  18  1:17  Barracks  
  18  1:19  SCV  
  19  1:31  Refinery, SCV  
  20  1:43  SCV  
  20  1:44  Barracks  
  21  1:55  SCV  
  22  2:05  Marine  
  22  2:07  Orbital Command  
  23  2:15  Orbital Command  
  23  2:23  Barracks Tech Lab  
  23  2:32  Barracks, Barracks Reactor  
  23  2:35  SCV  
  24  2:41  SCV  
  25  2:47  Refinery, SCV  
  25  2:48  Marine  
  27  2:53  SCV  
  28  2:59  SCV  
  28  3:00  Stimpack  
  28  3:05  SCV  
  30  3:09  Marine x2, Marauder  
  34  3:16  SCV  
  34  3:17  SCV  
  36  3:20  Barracks Tech Lab  
  36  3:27  Marine x2  
  36  3:33  Supply Depot  
  38  3:40  Supply Depot  
  38  3:45  Supply Depot  
  38  3:54  SCV x2  
  38  3:55  Marauder  
  40  4:10  SCV  
  40  4:11  SCV  
  40  4:14  Marine x2, Marauder  
  40  4:15  Combat Shield  
  40  4:16  Marauder  
  48  4:22  SCV  
  48  4:23  SCV  
  50  4:30  Supply Depot  
  50  4:31  Supply Depot  
  50  4:32  Marine x2  
  50  4:35  SCV x2, Marauder  
  50  4:37  Marauder  
  58  4:39  Concussive Shells  
  58  4:47  SCV x2  
  60  4:53  Command Center  
  60  4:55  Marine  
  60  4:56  Marine  
  60  4:57  Marauder  
  60  4:59  SCV x2, Marauder  
  68  5:11  SCV x2  
  68  5:13  Marine x2  
  72  5:18  Marauder  
  72  5:19  Refinery x2  
  72  5:20  Marauder  
  72  5:48  Marine x2, Marauder x2  
  78  5:51  SCV x2  
  72  5:59  Factory x2  
  72  6:01  Engineering Bay  
  72  6:03  SCV x2  
  72  6:06  Marine x2  
  72  6:10  Marauder x2  
  78  6:15  SCV x2  
  80  6:19  Orbital Command  
  80  6:27  Supply Depot x2, SCV  
  80  6:28  SCV  
  80  6:32  Missile Turret  
  82  6:37  Orbital Command  
  82  6:38  Missile Turret  
  82  6:40  Marine x2, Marauder x2  
  82  6:42  SCV x2  
  82  6:44  Factory Tech Lab, Factory Reactor  
  90  6:54  SCV x2  
  90  6:58  Marine x2  
  92  7:02  Marauder x2  
  86  7:27  Missile Turret  
  86  7:35  Siege Tank  
  86  7:36  Hellion x2  
  93  7:41  Missile Turret  
  93  7:44  Supply Depot x2  
  93  7:45  Supply Depot  
  93  7:47  Supply Depot x2  
  93  8:05  Marine x2  
  93  8:06  Hellion x2, SCV x3, Marauder x2  
  93  8:07  Supply Depot  
  93  8:12  Supply Depot  
  106  8:15  Supply Depot x2  
  106  8:16  Supply Depot  
  106  8:17  Supply Depot  
  106  8:18  SCV x3  
  109  8:20  Siege Tank  
  109  8:23  Marine x2  
  114  8:27  Marauder x2  
  114  8:30  Infernal Pre-Igniter, SCV x3  
  93  9:11  Marine x2, Marauder x2  
  99  9:26  SCV x3  
  99  9:27  Starport x2  
  99  9:28  Starport  
  99  9:29  Marine x2  
  103  9:33  Marauder x2  
  98  9:38  SCV  
  92  9:56  Marine x2, Marauder x2  
  92  9:58  Hellion x2  
  92  9:59  Hellion  
  90  10:14  Marine x2  
  90  10:16  Medivac x2  
  90  10:17  Viking, Marauder  
  90  10:18  Marauder  
  90  10:20  Hellion x3  
  108  10:23  Fusion Core  
  99  10:33  Marine x2  
  101  10:39  Marauder x2  
  101  10:41  Hellion x3  
  111  10:44  SCV x3  
  114  10:50  Missile Turret  
  114  10:51  Marine x2  
  112  11:10  SCV x3  
  115  11:16  Supply Depot  
  115  11:22  SCV x3  
  115  11:35  Starport Tech Lab x3  
  109  12:00  SCV x3  
  112  12:12  SCV x3  
  115  12:24  SCV x3, Missile Turret  
  118  12:36  Command Center, SCV x3  
  121  12:40  Refinery  
  121  12:43  Refinery  
  133  12:47  Command Center  
  133  12:48  SCV x3  
Show
View Real Time Build Order
Export as new Build Order

GangusKaun Protoss 

Build Orders: 1 Gate Expand, Dark Templar Rush 

Get SALT Encoding   

  12  0:09  Pylon  
  12  0:13  Probe  
  13  0:25  Probe  
  14  0:31  Gateway  
  14  0:38  Probe  
  15  0:43  Assimilator  
  15  0:55  Probe  
  16  1:03  Probe  
  17  1:11  Probe  
  18  1:23  Probe, Cybernetics Core  
  19  1:38  Nexus  
  19  1:48  Pylon  
  19  1:52  Probe  
  17  1:54  Adept  
  22  2:09  Warp Gate  
  22  2:11  Assimilator  
  22  2:16  Adept  
  22  2:18  Shield Battery  
  24  2:34  Probe  
  25  2:50  Twilight Council  
  25  2:52  Probe  
  25  2:56  Adept  
  28  3:08  Probe  
  28  3:09  Probe  
  30  3:21  Probe x2  
  30  3:25  Robotics Facility  
  32  3:28  Gateway  
  32  3:32  Gateway  
  32  3:33  Probe  
  33  3:47  Probe  
  33  3:48  Dark Shrine  
  34  4:07  Warp Prism  
  34  4:08  Probe x2  
  32  4:11  Blink  
  34  4:20  Stalker  
  36  4:27  Assimilator, Probe  
  36  4:28  Probe  
  36  4:29  Assimilator  
  38  4:32  Stalker  
  38  4:38  Observer  
  41  4:54  Probe x2  
  43  5:06  Zealot  
  45  5:19  Pylon  
  45  5:20  Pylon  
  45  5:24  Pylon  
  39  5:30  Dark Templar  
  39  5:31  Dark Templar  
  37  5:38  Dark Templar  
  37  5:39  Dark Templar  
  32  5:51  Pylon  
  32  5:54  Pylon  
  30  6:08  Robotics Bay  
  30  6:17  Shield Battery  
  30  6:18  Gateway  
  30  6:20  Pylon, Gateway  
  30  6:22  Probe x2  
  32  6:30  Dark Templar x2  
  36  6:34  Probe  
  37  6:54  Immortal  
  35  7:29  Colossus  
  41  7:38  Zealot x3  
  41  7:40  Dark Templar  
  49  7:44  Zealot  
  49  7:50  Probe x2  
  53  7:58  Probe  
  53  7:59  Probe  
  53  8:01  Charge  
  55  8:08  Probe x2  
  57  8:17  Zealot x4  
  65  8:20  Archon, Probe  
  66  8:27  Colossus  
  66  8:32  Sentry  
  74  8:54  Stalker x3  
  42  9:13  Dark Templar x2  
  46  9:23  Probe x2  
  46  9:35  Probe x2  
  48  9:41  Dark Templar x2  
  44  9:52  Zealot x3  
  40  10:11  Gateway  
  40  10:14  Gateway  
  34  10:15  Dark Templar x2  
  34  10:16  Gateway  
  21  10:38  Robotics Facility  
  21  10:42  Pylon  
  21  10:51  Dark Templar  
  23  11:11  Dark Templar  
  23  11:14  Dark Templar  
  25  11:35  Probe  
  26  11:47  Probe  
  26  11:53  Stalker x2  
  23  12:29  Dark Templar x2  
  27  12:46  Probe  
  28  12:54  Stalker  
  28  12:58  Probe  
  31  13:02  Pylon  
Tags
 
Add a new tag
Caveats
  • Supply blocks, unpowered buildings, or Contaminate may cause inaccurate times.
  • Supply counts are checked every 10 seconds.